 Dungeon Crawl Stone Soup version 0.15.0-33-gdde9071 (webtiles) character file.

108 Esekla the Ruinous (level 5, -1/35 HPs)
             Began as a Formicid Wizard on Sept 14, 2014.
             Slain by Crazy Yiuf
             ... wielding a +4 quarterstaff of chaos
              (4 damage)
             ... on Level 2 of the Dungeon.
             The game lasted 01:01:26 (3583 turns).

Esekla the Ruinous (Formicid Wizard)                Turns: 3583, Time: 01:01:26

HP  -1/35        AC  3     Str 12      XL: 5   Next: 12%
MP  16/22        EV 11     Int 18      God:
Gold 113         SH  0     Dex  9      Spells:  4 memorised,  1 level left

rFire  + . .     SeeInvis +     d - +0 short sword
rCold  x . .     Clarity  .     a - +0 leather armour
rNeg   . . .     rCorr    .     (no shield)
rPois  .         rRot     .     (helmet unavailable)
rElec  .         Spirit   .     (no cloak)
SustAb .         Warding  .     (no gloves)
rMut   .         Stasis   +     (no boots)
Gourm  .                        (no amulet)
MR     .....                    q - ring of magical power
                                o - ring of fire

@: very slightly contaminated, not resistant to hostile enchantments, unstealthy
A: permanent stasis, dig shafts and tunnels, four strong arms, antennae 3
a: Dig, Shaft Self


You were on level 2 of the Dungeon.
You were not hungry.

You visited 1 branch of the dungeon, and saw 2 of its levels.

You collected 113 gold pieces.

Inventory:

Hand weapons
 d - a +0 short sword (weapon)
 u - a +1 antimagic mace
Missiles
 b - 114 stones (quivered)
 f - 70 arrows
 r - 28 sling bullets
Armour
 a - a +0 leather armour (worn)
 e - a +0 ring mail
Scrolls
 h - a scroll of enchant armour {unknown}
 n - a scroll of recharging {unknown}
 p - a scroll of enchant weapon {unknown}
 t - a scroll of remove curse
Jewellery
 o - a ring of fire (left hand)
 q - a ring of magical power (right hand)
Potions
 g - a potion of agility {unknown}
 k - a potion of lignification {unknown}
 l - a potion of poison {unknown}
 v - a potion of heal wounds {unknown}
Books
 c - a book of Minor Magic

   Spells                             Type                      Level
   *Magic Dart                        Conjuration                  1
   Blink                              Translocation                2
   Call Imp                           Summoning                    2
   Repel Missiles                     Charms/Air                   2
   *Slow                              Hexes                        2
   *Conjure Flame                     Conjuration/Fire             3
   *Mephitic Cloud                    Conjuration/Poison/Air       3


   Skills:
 + Level 0.9 Armour
 - Level 2.0 Dodging
 - Level 2.4 Stealth
 - Level 3.2 Spellcasting
 * Level 3.4 Conjurations
 * Level 1.4 Hexes
   Level 1.0 Summonings
   Level 0.8 Translocations
 * Level 0.3 Poison Magic


You had one spell level left.
You knew the following spells:

 Your Spells              Type           Power        Failure   Level  Hunger
a - Magic Dart            Conj           ###.         4%          1    None
b - Slow                  Hex            #.......     14%         2    ##.....
c - Conjure Flame         Conj/Fire      ##......     24%         3    ###....
d - Mephitic Cloud        Conj/Pois/Air  #.......     30%         3    ###....


Dungeon Overview and Level Annotations

Branches:
Dungeon (2/15)

Altars:

Annotations:
D:2 Crazy Yiuf


Innate Abilities, Weirdness & Mutations

Your are under a permanent stasis effect.
You can dig through walls and to a lower floor.
Your four strong arms can wield two-handed weapons with a shield.
You have a pair of large antennae on your head (SInv).


Message History

The magic dart hits Crazy Yiuf.
Crazy Yiuf is heavily wounded.
Crazy Yiuf says, "Defame King snail!"
Crazy Yiuf hits you with a quarterstaff of chaos!
Crazy Yiuf draws strength from your injuries!
Casting: Magic Dart
Confirm with . or Enter, or press ? or * to list all spells.
Aiming: Magic Dart
Press: ? - help, Shift-Dir - straight line, f/p - Crazy Yiuf
Aim: Crazy Yiuf, wielding a quarterstaff of chaos and wearing a cloak The magic dart hits Crazy Yiuf.
Crazy Yiuf hits you with a quarterstaff of chaos!
* * * LOW HITPOINT WARNING * * *
x2 Use which ability? (? or * to list) Are you sure you want to shaft yourself?
You feel somewhat more hungry.
Crazy Yiuf hits you with a quarterstaff of chaos.
* * * LOW HITPOINT WARNING * * *
Crazy Yiuf freezes you.
You die...

#.# #
###########.# #
#........##.######
######
#.######.#........
.....# #.#
#.....##### ####.#
###.#######.....#
# #.#
#........###...##
#.## #.#.####.#
##.## #..# #.#@#
#.# #.# ##.#
#.#g####.# #.# #.#
#.#..)##.# ##'##
#.#
#.##...#.###...##
####.#
###....####....[##
##.##.# ####
#'..'# #......##
#...#.#####..#
♣.PPP♣ #.......##
.............#
♣.P♣♣♣ #.......'.
#...#.#####.##
♣♣.♣ #.......##


You could see Crazy Yiuf.

Vanquished Creatures
  6 adders (D:2)
  An inept item mimic (D:2)
  7 bats
  2 giant cockroaches (D:1)
  A goblin (D:1)
  8 hobgoblins
  4 jackals (D:1)
  4 giant geckos
  7 kobolds
  9 rats
  A fungus (D:2)
50 creatures vanquished.

Notes
Turn   | Place    | Note
--------------------------------------------------------------
     0 | D:1      | Esekla, the Formicid Wizard, began the quest for the Orb.
     0 | D:1      | Reached XP level 1. HP: 13/13 MP: 4/4
     3 | D:1      | Reached skill level 1 in Conjurations
   464 | D:1      | Reached XP level 2. HP: 19/19 MP: 0/7
   504 | D:1      | You fall through a shaft!
   674 | D:2      | Learned a level 2 spell: Slow
  1429 | D:1      | Reached XP level 3. HP: 24/24 MP: 3/9
  1494 | D:1      | Reached skill level 1 in Hexes
  2425 | D:2      | Reached XP level 4. HP: 30/30 MP: 5/10
  2430 | D:2      | Learned a level 3 spell: Conjure Flame
  2434 | D:2      | Learned a level 3 spell: Mephitic Cloud
  3143 | D:2      | Reached XP level 5. HP: 32/35 MP: 13/13
  3561 | D:2      | Noticed Crazy Yiuf
  3583 | D:2      | Slain by Crazy Yiuf

Action                   |  1- 3 |  4- 6 || total
-------------------------+-------+-------++-------
Melee: Whip              |    13 |       ||    13
       Club              |     4 |       ||     4
       Unarmed           |     1 |     1 ||     2
       Short sword       |     9 |    22 ||    31
Throw: Stone             |    68 |     1 ||    69
 Cast: Magic Dart        |    82 |    40 ||   122
       Conjure Flame     |       |     1 ||     1
       Slow              |       |     1 ||     1
 Abil: Shaft Self        |     1 |     1 ||     2
  Use: Scroll            |     3 |       ||     3
 Stab: Sleeping          |     1 |       ||     1
  Eat: Pizza             |     1 |       ||     1
       Bread ration      |     1 |     1 ||     2
